 Dungeon Crawl Stone Soup version 0.31-a0-142-g31f6795574 (webtiles) character file.

Game seed: 5078229084897910832

448 jlumianski the Chopper (level 6, 0/41 (48) HPs)
             Began as a Demonspawn Fighter on June 4, 2023.
             Slain by Duvessa
             ... wielding a +3 short sword of flaming
              (9 damage)
             ... on level 4 of the Dungeon.
             The game lasted 00:13:06 (3076 turns).

jlumianski the Chopper (Demonspawn Fighter)         Turns: 3076, Time: 00:13:07

HP:   0/41 (48)     AC: 11    Str: 18    XL:     6   Next: 73%
MP:   6/6           EV:  7    Int:  9    God:
Gold: 209           SH:  5    Dex: 13    Spells: 5/5 levels left

rFire   . . .        a - +0 war axe
rCold   . . .        c - +0 buckler
rNeg    . . .        h - +0 chain mail
rPois   .            (no helmet)
rElec   .            (no cloak)
rCorr   .            (no gloves)
SInv    .            (no boots)
Will    .....        (no amulet) Stlth
                     (no ring)
HPRegen 2.26/turn    (no ring)
MPRegen 0.10/turn

%: no passive effects
@: mighty, heavily drained
A: yellow scales 1, powered by death 2, spiny 1
a: no special abilities


You were on level 4 of the Dungeon.
You visited 1 branch of the dungeon, and saw 5 of its levels.

You collected 209 gold pieces.

Inventory:

Hand Weapons
 a - a +0 war axe (weapon)
Missiles
 f - 5 boomerangs (quivered)
 j - 19 stones
Armour
 b - a +0 scale mail
 c - a +0 buckler (worn)
 h - a +0 chain mail (worn)
Jewellery
 t - a ring of fire
Wands
 l - a wand of flame (13)
Scrolls
 e - 2 scrolls of teleportation {unknown}
 g - a scroll of magic mapping {unknown}
 k - a scroll of fear {unknown}
 m - a scroll of enchant weapon {unknown}
 p - 3 scrolls of identify {unknown}
 q - a scroll of immolation {unknown}
 s - 2 scrolls of fog {unknown}
Potions
 i - a potion of lignification
 n - a potion of heal wounds {unknown}
 r - a potion of brilliance {unknown}


   Skills:
 + Level 4.0 Fighting
 + Level 4.7 Axes
 + Level 0.5 Throwing
 + Level 3.9 Armour
 + Level 0.7 Dodging
 + Level 0.1 Stealth
 + Level 3.3 Shields


You had 5 spell levels left.
You didn't know any spells.
Your spell library contained the following spells:

 Spells                   Type           Power      Damage    Failure   Level
 Hailstorm                Conj/Ice       0%         3d3       100%        3
 Ice Form                 Ice/Tmut       0%         N/A       100%        4
 Fireball                 Conj/Fire      0%         3d3       100%        5
 Iskenderun's Battlesphe  Conj           0%         2d6       100%        5
 Conjure Ball Lightning   Conj/Air       0%         3x3d6     100%        6
 Simulacrum               Ice/Necr       0%         N/A       100%        6
 Orb of Destruction       Conj           0%         9d5       100%        7
 Borgnjor's Revivificati  Necr           0%         N/A       100%        8
 Necromutation            Tmut/Necr      0%         N/A       100%        8
 Death's Door             Necr           0%         N/A       100%        9


Dungeon Overview and Level Annotations

Branches:
Dungeon (5/15)
 Temple: D:4-7

Altars:

Annotations:
D:4 3 runed translucent doors, Duvessa; Menkaure; pigah's ghost, amateur OpWn


Innate Abilities, Weirdness & Mutations

You are partially covered in yellow scales. (AC +2)
You regenerate health from kills.
You are partially covered in sharp spines.


Message History

Dowan says, "Stay away from my face!"
Dowan hits you with a +3 dagger of draining.
You feel drained.
You completely miss Dowan.
Dowan is heavily wounded.
You slash Duvessa! Duvessa barely misses you.
Dowan gestures at Duvessa while chanting.
Duvessa seems to speed up.
You closely miss Dowan.
Dowan is heavily wounded.
You hit Duvessa.
Duvessa hits you with a +3 short sword of flaming.
Duvessa burns you. You block Dowan's attack.
Duvessa hits you with a +3 short sword of flaming!
Duvessa burns you. Dowan closely misses you.
You miss Dowan.
Dowan is heavily wounded.
You hit Duvessa. Duvessa completely misses you.
Duvessa hits you with a +3 short sword of flaming!
Duvessa burns you. Dowan is struck by your spines.
Dowan hits you with a +3 dagger of draining.
You feel drained.
You slash Dowan!
You kill Dowan!
Duvessa screams, "No!
How DARE you!"
Duvessa goes berserk!
You slash Duvessa! Duvessa is struck by your spines.
Duvessa hits you with a +3 short sword of flaming.
Duvessa burns you.
* * * LOW HITPOINT WARNING * * *
Duvessa barely misses you.
You feel better.
Duvessa hits you with a +3 short sword of flaming!
* * * LOW HITPOINT WARNING * * *
Duvessa burns you.
* * * LOW HITPOINT WARNING * * *
Duvessa hits you but does no damage.
You barely miss Duvessa.
Duvessa is severely wounded.
Duvessa hits you with a +3 short sword of flaming!
You die...

#.# #...M....... ####.#
####e####### ......#
###..# #.#... #...##
......##.###
.#.#....##################
##.####..........##....
#.####........... ...#
#.##.....@).....# #.###
#..).#...†e...######...#
######.............#...##
#.......#####.#...>#
####........#....#.##...
#..........<#.####.#####
###.#####...............
#.............######..##
#.##########.## ###


You could see Duvessa (berserk, fast).

Vanquished Creatures
  Grinder (D:3)
  Dowan (D:4)
  An orc priest (D:3)
  2 orc wizards (D:3)
  3 adders
  3 dart slugs
  8 orcs
  3 bats
  9 endoplasms
  6 giant cockroaches
  9 goblins
  9 hobgoblins
  4 jackals (D:4)
  3 quokkas (D:1)
  8 ball pythons
  3 frilled lizards
  6 kobolds
  5 rats (D:2)
84 creatures vanquished.

Notes
Turn   | Place    | Note
-------+----------+-------------------------------------------
     0 | D:1      | jlumianski the Demonspawn Fighter began the quest for the
                  | Orb.
     0 | D:1      | Reached XP level 1. HP: 18/18 MP: 1/1
   199 | D:1      | Gained mutation: You are partially covered in yellow
                  | scales. (AC +2) [demonic ancestry]
   199 | D:1      | Reached XP level 2. HP: 22/24 MP: 2/2
   573 | D:1      | Gained mutation: You regenerate a little health from kills.
                  | [demonic ancestry]
   573 | D:1      | Reached XP level 3. HP: 29/29 MP: 3/3
  1500 | D:2      | Gained mutation: You regenerate health from kills. [demonic
                  | ancestry]
  1500 | D:2      | Reached XP level 4. HP: 35/35 MP: 4/4
  2100 | D:3      | Reached XP level 5. HP: 41/41 MP: 5/5
  2143 | D:3      | Noticed Grinder
  2145 | D:3      | Paralysed by Grinder for 5 turns
  2154 | D:3      | Paralysed by Grinder for 4 turns
  2168 | D:3      | Paralysed by Grinder for 3 turns
  2177 | D:3      | Paralysed by Grinder for 2 turns
  2180 | D:3      | Killed Grinder
  2181 | D:3      | Gained mutation: You are partially covered in sharp spines.
                  | [demonic ancestry]
  2181 | D:3      | Reached XP level 6. HP: 14/48 MP: 6/6
  2377 | D:5      | Entered Level 5 of the Dungeon
  2696 | D:4      | Found a runed translucent gate.
  2696 | D:4      | Found a runed translucent gate.
  2696 | D:4      | Found a runed translucent gate.
  2697 | D:4      | Noticed pigah's ghost (amateur OpWn)
  2812 | D:4      | Noticed Menkaure
  2830 | D:4      | Noticed Dowan
  2830 | D:4      | Noticed Duvessa
  3074 | D:4      | Killed Dowan
  3076 | D:4      | Slain by Duvessa

Illustrated notes

Levels and vault maps discovered:
D:1:      saegor_arrival_simple_a, layout_basic, serial_bayou,
          serial_bayou_lake_a, serial_bayou_lagoon_a, serial_bayou_crossing,
          serial_bayou_pond_b
D:2:      minmay_spotlight, layout_loops_cross, nrook_mini_vaults,
          kennysheep_another_room
D:3:      layout_rooms, uniq_grinder
D:4:      layout_rooms, serial_shops, nicolae_shop_waterfront,
          ebering_ghost_rock_garden, serial_co_window_serial, co_window_paths_a,
          co_window_corner_a, co_window_of_opportunity_a, co_window_paths_a,
          co_window_corner_a, co_window_of_opportunity_a, co_window_corner_a,
          co_window_paths_a, co_window_paths_a, co_window_unsneaky_path_a,
          co_window_2corner, co_window_broadway_c, co_window_cross_3,
          glass_columns_c, glass_columns_c, uniq_crazy_yiuf_cottage,
          uniq_duvessa, uniq_menkaure, uniq_robin
D:5:      layout_basic

Skill      XL: |  1  2  3  4  5  6 |
---------------+-------------------+-----
Shields        | 3 |  3.3
Axes           | 2 3 4 |  4.7
Armour         | 3 |  3.9
Fighting       | 4 |  4.0
Throwing       | |  0.5
Dodging        | |  0.7
Stealth        | |  0.1

Action                     |  1- 3 |  4- 6 || total
---------------------------+-------+-------++-------
  Melee: War axe           |   116 |   114 ||   230
  Throw: Boomerang         |       |     6 ||     6
    Use: Potion            |       |     5 ||     5
 Armour: Scale mail        |    15 |       ||    15
         Chain mail        |    50 |   107 ||   157
         Skin              |       |     6 ||     6
  Dodge: Dodged            |    46 |    34 ||    80
  Block: Buckler           |    29 |    26 ||    55

Table legend: (Time is in decaauts)
 A = Elapsed time spent in this place.
 B = Non-inter-level travel time spent in this place.
 C = Inter-level travel time spent in this place.
 D = Time resting spent in this place.
 E = Time spent auto-exploring this place.
 F = Levels seen in this place.
 G = Mean time per level.
                   A        B        C        D        E       F      G
               +--------+--------+--------+--------+--------+-----+--------+
         Total |   3216 |   3120 |     96 |    248 |   1538 |   5 |  643.2 |
       Dungeon |   3216 |   3120 |     96 |    248 |   1538 |   5 |  643.2 |
               +--------+--------+--------+--------+--------+-----+--------+

Top non-repeatable levels by time:
     D:1: 1063 daAuts
     D:3: 952 daAuts
     D:2: 929 daAuts
     D:4: 269 daAuts
     D:5: 1 daAuts
